 Dungeon Crawl Stone Soup version 0.30.0-3-ga4e48a9924 (webtiles) character file.

Game seed: 15226562349180458726

12232 jimonade the Carver (level 11, -4/58 HPs)
             Began as a Vine Stalker Monk on May 7, 2023.
             Was an Elder of Wu Jian.
             Slain by a skyshark (6 damage)
             ... on level 2 of the Lair of Beasts on May 8, 2023.
             The game lasted 00:39:41 (9407 turns).

jimonade the Carver (Vine Stalker Monk)             Turns: 9407, Time: 00:39:41

Health: -4/58      AC: 10    Str: 15    XL:     11   Next: 90%
Magic:  0/24       EV: 17    Int: 12    God:    Wu Jian [****..]
Gold:   487        SH:  0    Dex: 24    Spells: 26/26 levels left

rFire   . . .        b - +0 falchion of Exoneration {venom, Dex+4}
rCold   + . .        d - orb {light}
rNeg    . . .        Z - +0 steam dragon scales
rPois   +            (no helmet)
rElec   .            p - +2 cloak
rCorr   .            w - +0 pair of gloves
SInv    .            (no boots)
Will    ++...        y - amulet of regeneration
Stlth   +            q - ring of poison resistance
HPRegen 1.89/turn    l - ring of Mirth {rC+ Will+ Int+2}
MPRegen 0.19/turn

%: guardian spirit
@: exhausted, glowing
A: fangs 3, regeneration 1, magic shield, antimagic bite, no potion heal 2
a: Renounce Religion, Wall Jump, Serpent's Lash


You were on level 2 of the Lair of Beasts.
You worshipped Wu Jian.
Wu Jian was greatly pleased with you.
You visited 3 branches of the dungeon, and saw 12 of its levels.
You also visited: Bailey.

You collected 647 gold pieces.
You spent 160 gold pieces at shops.

Inventory:

Hand Weapons
 a - a +3 falchion of protection
 b - the +0 falchion of Exoneration (weapon) {venom, Dex+4}
   (You bought it in a shop on level 2 of the Dungeon)

   Dex:       It affects your dexterity (+4).
 v - a +1 short sword of holy wrath
 S - a +3 heavy arbalest
Missiles
 A - 12 poisoned darts (quivered)
 D - 6 curare-tipped darts
 N - 10 throwing nets
Armour
 d - an orb of light (worn)
 h - a +0 kite shield
 p - a +2 cloak (worn)
 w - a +0 pair of gloves (worn)
 z - a +3 leather armour
 O - the +1 leather armour "Releg" {+Inv rC+}
   (You found it on level 9 of the Dungeon)

   rC:        It protects you from cold.
   +Inv:      It lets you turn invisible.
 Q - a +2 leather armour of fire resistance
 T - a +2 chain mail of fire resistance
 U - a +3 leather armour
 Z - +0 steam dragon scales (worn)
Magical Staves
 r - a staff of cold
Jewellery
 j - a ring of positive energy
 l - the ring of Mirth (right hand) {rC+ Will+ Int+2}
   (You acquired it on level 4 of the Dungeon)

   [ring of willpower]

   Int:       It affects your intelligence (+2).
   rC:        It protects you from cold.
   Will:      It increases your willpower.
 q - a ring of poison resistance (left hand)
 y - an amulet of regeneration (around neck)
 B - a ring of wizardry
 F - a ring of ice
 L - a +6 ring of strength
 W - a ring of fire
Wands
 K - a wand of iceblast (13)
Scrolls
 m - 4 scrolls of brand weapon
 n - 3 scrolls of immolation
 s - a scroll of enchant weapon
 t - 8 scrolls of teleportation
 x - 2 scrolls of poison
 C - a scroll of amnesia
 M - 2 scrolls of enchant armour
 R - a scroll of fog
Potions
 c - 2 potions of ambrosia
 e - 2 potions of flight {unknown}
 f - a potion of resistance {unknown}
 g - 4 potions of curing
 i - 3 potions of haste {unknown}
 k - 3 potions of attraction {unknown}
 u - 3 potions of berserk rage {unknown}
 E - 3 potions of lignification {unknown}
 G - a potion of degeneration {unknown}
 H - a potion of mutation {unknown}
 I - a potion of invisibility
 P - a potion of cancellation {unknown}
 Y - 3 potions of brilliance {unknown}
Miscellaneous
 X - a lightning rod (3/4)


   Skills:
 + Level 7.4 Fighting
 + Level 2.1(7.3) Short Blades
 + Level 11.0(11.1) Long Blades
 + Level 1.1 Ranged Weapons
 + Level 1.5 Throwing
 + Level 3.8 Armour
 + Level 6.6 Dodging
 * Level 8.2 Spellcasting
 + Level 0.2 Evocations


You had 26 spell levels left.
You didn't know any spells.
Your spell library contained the following spells:

 Spells                   Type           Power      Damage    Failure   Level
 Beastly Appendage        Tmut           8%         N/A       14%         1
 Kiss of Death            Conj/Necr      16%        2d6       14%         1
 Sting                    Tmut/Pois      16%        1d3       14%         1
 Summon Small Mammal      Summ           16%        N/A       14%         1
 Poisonous Vapours        Pois/Air       8%         N/A       22%         2
 Wereblood                Tmut           4%         N/A       22%         2
 Call Canine Familiar     Summ           4%         N/A       41%         3
 Confusing Touch          Hex            4%         N/A       41%         3
 Gell's Gravitas          Tloc           4%         N/A       41%         3
 Inner Flame              Hex/Fire       4%         N/A       41%         3
 Mephitic Cloud           Conj/Pois/Air  4%         N/A       41%         3
 Portal Projectile        Hex/Tloc       8%         N/A       41%         3
 Spider Form              Tmut/Pois      4%         N/A       41%         3
 Summon Guardian Golem    Hex/Summ       4%         N/A       41%         3
 Teleport Other           Tloc           4%         N/A       41%         3
 Tukima's Dance           Hex            4%         N/A       41%         3
 Dispel Undead            Necr           4%         3d7       82%         4
 Ice Form                 Ice/Tmut       4%         N/A       82%         4
 Olgreb's Toxic Radiance  Pois           4%         N/A       82%         4
 Blade Hands              Tmut           2%         N/A       99%         5
 Freezing Cloud           Conj/Ice/Air   2%         6-21      99%         5
 Irradiate                Conj/Tmut      2%         3d12      99%         5
 Metabolic Englaciation   Hex/Ice        2%         N/A       99%         5
 Summon Forest            Summ/Tloc      2%         N/A       99%         5
 Summon Mana Viper        Hex/Summ       4%         N/A       99%         5
 Yara's Violent Unravell  Hex/Tmut       2%         3d3       99%         5
 Dispersal                Tloc           2%         N/A       100%        6
 Summon Cactus Giant      Summ           2%         N/A       100%        6
 Dragon Form              Tmut           2%         N/A       100%        7
 Enfeeble                 Hex            2%         N/A       100%        7


Dungeon Overview and Level Annotations

Branches:
Dungeon (9/15)             Temple (1/1) D:5            Lair (2/5) D:9
 Bailey (visited)
  Swamp: Lair:2-3    Shoals: Lair:2-3     Snake: Lair:2-3    Spider: Lair:2-3
    Orc: D:9-12

Altars:
Ashenzari
Cheibriados
Dithmenos
Elyvilon
Fedhas
Gozag
Hepliaklqana
Kikubaaqudgha
Makhleb
Nemelex Xobeh
Okawaru
Qazlal
Ru
Sif Muna
Trog
Uskayaw
Vehumet
Wu Jian
Xom
Yredelemnul
Zin
The Shining One

Shops:
D:2 (   D:9 ?

Annotations:
D:9 4 runed translucent doors


Innate Abilities, Weirdness & Mutations

You have razor-sharp teeth.
Your natural rate of healing is unusually fast.
When hurt, damage is shared between your health and your magic reserves.
Your bite disrupts and absorbs the magic of your enemies.
Potions cannot restore your health.


Message History

You bite the skyshark, but do no damage.
The skyshark is severely wounded.
The skyshark bites you!
The skyshark enters a blood-rage!
The skyshark tail-slaps you but does no damage.
The skyshark barely misses you.
You spin and attack the skyshark.
You hit the skyshark but do no damage.
You bite the skyshark, but do no damage.
The skyshark is severely wounded.
The skyshark barely misses you.
The skyshark tail-slaps you but does no damage.
The skyshark closely misses you.
You spin and attack the skyshark repeatedly.
You hit the skyshark.
You bite the skyshark, but do no damage.
The skyshark is severely wounded.
You hit the skyshark.
The skyshark looks as sick as possible!
You bite the skyshark. You drain its power.
You feel invigorated.
The skyshark is severely wounded.
The skyshark bites you.
The skyshark tail-slaps you but does no damage.
The skyshark completely misses you. The skyshark bites you!
The skyshark tail-slaps you. x2
You spin and attack the skyshark repeatedly.
You hit the skyshark but do no damage. You bite the skyshark!
You drain its power.
You feel invigorated.
The skyshark is almost dead.
You hit the skyshark but do no damage.
The skyshark looks as sick as possible!
You bite the skyshark, but do no damage.
The skyshark is almost dead.
The skyshark bites you!! The skyshark closely misses you.
The skyshark misses you.
You spin and attack the skyshark.
You hit the skyshark but do no damage.
The skyshark looks as sick as possible!
The skyshark is almost dead.
The skyshark bites you!!
* * * LOW HITPOINT WARNING * * *
The skyshark closely misses you. The skyshark tail-slaps you!
* * * LOW HITPOINT WARNING * * *
The skyshark completely misses you. The skyshark tail-slaps you!
You die...

#..#
##..##.................#
...#
#..#..._.............##
#..#
#...#................##
#..#
...##.................#
#..#
.#.................†...#
#..#
#.................†## .
#.............†....#
#..........†.~.†## P.
#.@........†~~~..# ..
##l........†~≈~.## ...
#..........~~††# #..
#...##...†††~..# #
P#..##..####...†.....#
......P..# #....†.....#
.##......# #..P......P#
#......# #..#.....###
#......P #...#..P##


You could see a skyshark (berserk, extremely poisoned).

Vanquished Creatures
  Erolcha (D:9)
  Harold (Lair:1)
  A two-headed ogre (D:9)
  A deep elf pyromancer (D:9)
  2 orc knights (Bailey)
  An orc sorcerer (Bailey)
  Joseph (D:7)
  A cane toad (Lair:1)
  A kobold demonologist (Bailey)
  2 komodo dragons
  A shadow (D:9)
  2 basilisks
  3 yaks
  3 wyverns
  3 steam dragons
  Menkaure (D:4)
  8 water moccasins
  8 orc warriors (Bailey)
  An ice beast (D:8)
  A sky beast (D:7)
  2 black bears
  2 ogres
  9 wolves
  4 centaurs
  A phantom (D:6)
  2 kobold brigands
  A gnoll sergeant (D:7)
  5 necrophages (Lair:2)
  A scorpion (D:5)
  7 bullfrogs
  3 wights (D:9)
  7 killer bees (D:9)
  3 howler monkeys
  3 electric eels (Bailey)
  3 jellies
  2 orc priests
  2 hounds (D:5)
  A sleepcap (D:5)
  4 iguanas
  Natasha (D:2)
  3 orc wizards
  14 gnolls
  4 adders
  6 worms
  3 dart slugs
  14 orcs
  5 ball pythons
  3 endoplasms
  3 giant cockroaches
  19 goblins
  19 hobgoblins
  4 jackals (D:2)
  11 kobolds
  2 quokkas
  7 bats
  6 frilled lizards
  2 rats
231 creatures vanquished.

Vanquished Creatures (others)
  An orc (D:8)
  2 fungi (Lair:2)
  37 plants
40 creatures vanquished.

Grand Total: 271 creatures vanquished

Notes
Turn   | Place    | Note
-------+----------+-------------------------------------------
     0 | D:1      | jimonade the Vine Stalker Monk began the quest for the Orb.
     0 | D:1      | Reached XP level 1. HP: 11/11 MP: 2/2
   127 | D:1      | Reached XP level 2. HP: 16/16 MP: 3/3
   244 | D:1      | Reached skill level 3 in Long Blades
   600 | D:1      | Reached XP level 3. HP: 20/20 MP: 4/4
   760 | D:2      | Reached skill level 1 in Spellcasting
  1037 | D:2      | Found a blossoming altar of Fedhas.
  1126 | D:2      | Gained mutation: Your natural rate of healing is unusually
                  | fast. [Vine Stalker growth]
  1126 | D:2      | Reached XP level 4. HP: 24/24 MP: 6/6
  1199 | D:2      | Found Jozoint's Antique Weapon Emporium.
  1201 | D:2      | Noticed Natasha
  1321 | D:2      | Killed Natasha
  1828 | D:3      | Reached XP level 5. HP: 28/28 MP: 8/8
  2308 | D:4      | Noticed an ogre
  2446 | D:4      | Reached skill level 1 in Short Blades
  2446 | D:4      | Reached skill level 1 in Armour
  2582 | D:4      | Noticed a wyvern
  2618 | D:4      | Killed a wyvern
  2619 | D:4      | Reached skill level 4 in Long Blades
  2619 | D:4      | Reached XP level 6. HP: 23/32 MP: 5/10
  2845 | D:4      | Reached XP level 7. HP: 37/37 MP: 12/12
  2923 | D:4      | Noticed Menkaure
  2939 | D:4      | Killed Menkaure
  3356 | D:4      | Identified a scroll of acquirement
  3357 | D:4      | Acquired the ring of Mirth {rC+ Will+ Int+2}
  3390 | D:5      | Entered Level 5 of the Dungeon
  3639 | D:5      | Reached skill level 5 in Long Blades
  3689 | D:5      | Found a staircase to the Ecumenical Temple.
  3699 | D:5      | Got Ughareyc's Omnibus of Chilling Metamorphosis
  3709 | Temple   | Entered the Ecumenical Temple
  3803 | Temple   | Became a worshipper of the Wu Jian Council
  3803 | Temple   | Reached * piety under Wu Jian
  3803 | Temple   | Reached ** piety under Wu Jian
  4096 | D:5      | Reached skill level 1 in Throwing
  4096 | D:5      | Gained mutation: You have razor-sharp teeth. [Vine Stalker
                  | growth]
  4096 | D:5      | Reached XP level 8. HP: 42/42 MP: 12/14
  4350 | D:6      | Found an iron altar of Okawaru.
  4357 | D:6      | Found a basalt altar of Yredelemnul.
  4360 | D:6      | Found a hazy altar of Hepliaklqana.
  4363 | D:6      | Found a sacrificial altar of Ru.
  4522 | D:6      | Reached skill level 6 in Long Blades
  4961 | D:2      | Bought a slimy falchion for 160 gold pieces
  4961 | D:2      | Identified the +0 falchion of Exoneration {venom, Dex+4}
                  | (You bought it in a shop on level 2 of the Dungeon)
  5203 | D:7      | Reached XP level 9. HP: 6/46 MP: 1/17
  5359 | D:7      | Reached skill level 7 in Long Blades
  5360 | D:7      | Reached skill level 5 in Spellcasting
  5672 | D:7      | Noticed Joseph
  5692 | D:7      | Killed Joseph
  5693 | D:7      | Reached skill level 5 in Fighting
  5893 | D:7      | Reached *** piety under Wu Jian
  5945 | D:8      | Reached skill level 8 in Long Blades
  6166 | D:8      | Reached XP level 10. HP: 51/51 MP: 18/20
  6312 | D:8      | Found a flagged portal.
  6325 | Bailey   | Entered a bailey
  6409 | Bailey   | Noticed an orc knight
  6432 | Bailey   | Killed an orc knight
  6432 | Bailey   | Reached skill level 5 in Dodging
  6489 | Bailey   | Noticed a kobold demonologist
  6490 | Bailey   | Noticed an orc sorcerer
  6494 | Bailey   | Noticed a rust devil
  6504 | Bailey   | Noticed an orange demon
  6525 | Bailey   | Killed an orc sorcerer
  6554 | Bailey   | Reached skill level 9 in Long Blades
  6570 | Bailey   | Noticed an orc knight
  6685 | Bailey   | Found an iron altar of Okawaru.
  6765 | Bailey   | Killed a kobold demonologist
  6776 | Bailey   | Killed an orc knight
  6945 | D:8      | Reached **** piety under Wu Jian
  7101 | D:8      | Found a shimmering altar of Xom.
  7464 | D:9      | Noticed Erolcha
  7470 | D:9      | Killed Erolcha
  7471 | D:9      | Reached XP level 11. HP: 58/58 MP: 22/22
  7605 | D:9      | Found a staircase to the Lair.
  7693 | D:9      | Noticed a two-headed ogre
  7696 | D:9      | Found Sesigourch's Magic Scroll Emporium.
  7716 | D:9      | Killed a two-headed ogre
  7717 | D:9      | Reached skill level 10 in Long Blades
  7963 | D:9      | Found a large runed translucent door.
  7964 | D:9      | Found a large runed translucent door.
  7977 | D:9      | Found a large runed translucent door.
  7977 | D:9      | Found a large runed translucent door.
  7978 | D:9      | Noticed a boulder beetle
  8050 | D:9      | Noticed a deep elf pyromancer
  8056 | D:9      | Killed a deep elf pyromancer
  8068 | D:9      | Identified the +1 leather armour "Releg" {+Inv rC+}
  8239 | Lair:1   | Entered Level 1 of the Lair of Beasts
  8415 | Lair:1   | Noticed Harold
  8464 | Lair:1   | Killed Harold
  8465 | Lair:1   | Reached skill level 1 in Ranged Weapons
  9287 | Lair:2   | Found a basalt altar of Yredelemnul.
  9317 | Lair:2   | Reached skill level 11 in Long Blades
  9392 | Lair:2   | Noticed a skyshark
  9407 | Lair:2   | HP: 2/58 [skyshark (8)]
  9407 | Lair:2   | Slain by a skyshark

Illustrated notes

Levels and vault maps discovered:
D:1:      scummos_arrival_simple_fountains, layout_basic
D:2:      layout_basic, serial_shops, nicolae_shop_tiny_glass, basic_altar,
          minmay_tromino_mix6, uniq_natasha
D:3:      layout_basic
D:4:      layout_cave_pods, minmay_box_of_dots, uniq_menkaure
D:5:      layout_basic, minmay_temple_entry_offerings
D:6:      layout_rooms, grunt_temple_overflow_cloverleaf,
          minmay_misc_feat_pillars, minmay_ogre_servants
D:7:      minmay_skewed_foursquare, layout_rooms, uniq_joseph
D:8:      layout_cave_pods, kennysheep_little_box, enter_bailey_4
D:9:      layout_basic, david_lair_shrubbed, nicolae_wooded_promenade,
          minmay_hollow_rounded_squares, uniq_erolcha
Temple:   minmay_temple_bridge_d
Lair:1:   layout_regular_city, patterned_corridor, infiniplex_staircase_pool_2,
          uniq_harold
Lair:2:   layout_long_grid, nicolae_spider_entry_tight_spaces, basic_altar,
          st_stairs_11, roderic_carrion_pond, uniq_nergalle

Skill      XL: |  1  2  3  4  5  6  7  8  9 10 11 |
---------------+----------------------------------+-----
Long Blades    | 3 4 5 6 8 9 11 | 11.0
Fighting       | 3 4 5 6 7 |  7.4
Spellcasting   | 1 2 3 4 6 7 8 |  8.2
Short Blades   | 1 2 |  2.1
Armour         | 1 2 3 |  3.8
Dodging        | 3 4 5 6 |  6.6
Throwing       | 1 |  1.5
Ranged Weapons | 1 |  1.1
Evocations     | |  0.2

Action                     |  1- 3 |  4- 6 |  7- 9 | 10-12 || total
---------------------------+-------+-------+-------+-------++-------
  Melee: Falchion          |    39 |    83 |   255 |   389 ||   766
         Bite              |    23 |    30 |   102 |   193 ||   348
         Short sword       |    46 |    15 |       |    49 ||   110
   Fire: Arbalest          |       |       |       |     4 ||     4
  Throw: Dart              |       |     7 |     1 |       ||     8
         Throwing net      |       |     1 |     1 |       ||     2
 Invoke: Serpent's Lash    |       |       |       |     6 ||     6
Ability: Whirlwind         |       |       |   147 |   250 ||   397
         Lunge             |       |       |    16 |    29 ||    45
  Evoke: Wand              |       |       |       |     2 ||     2
         Lightning rod     |       |       |       |     1 ||     1
    Use: Scroll            |       |     2 |    12 |     1 ||    15
 Armour: Robe              |     5 |       |       |       ||     5
         Ring mail         |    19 |    15 |       |       ||    34
         Leather armour    |       |    18 |   100 |    44 ||   162
         Steam dragon scal |       |       |       |    36 ||    36
  Dodge: Dodged            |    40 |    56 |   156 |   267 ||   519
